 Dungeon Crawl Stone Soup version 0.32-a0-975-g85d4e5bfdb (webtiles) character file.

Game seed: 11133590833549946364

193 ipx the Magician (level 5, 0/35 HPs)
             Began as a Demonspawn Hedge Wizard on Apr 19, 2024.
             Was an Initiate of Vehumet.
             Slain by a hound zombie (2 damage)
             ... in an ossuary.
             The game lasted 00:16:41 (1217 turns).

ipx the Magician (Demonspawn Hedge Wizard)          Turns: 1217, Time: 00:16:42

Health: 0/35       AC:  3    Str: 10    XL:     5   Next: 44%
Magic:  7/10       EV: 16    Int: 18    God:    Vehumet [......]
Gold:   196        SH:  0    Dex: 13    Spells: 8/11 levels left

rFire   . . .        a - +2 dagger (freeze)
rCold   . . .        (no shield)
rNeg    . . .        b - +0 robe
rPois   .            j - +0 helmet
rElec   .            (no cloak)
rCorr   .            (no gloves)
SInv    .            (no boots)
Will    .....        (no amulet)
Stlth   ++           E - +5 ring of evasion
HPRegen 0.25/turn    (no ring)
MPRegen 0.12/turn

%: no passive effects
@: brilliant, attractive, hasted, very quick
A: big brain 1
a: Renounce Religion


You were in an ossuary.
You worshipped Vehumet.
Vehumet was noncommittal.
You visited 2 branches of the dungeon, and saw 7 of its levels.
You also visited: Ossuary.

You collected 196 gold pieces.

Inventory:

Hand Weapons
 a - a +2 dagger of freezing (weapon)
Missiles
 e - 5 boomerangs
Armour
 b - a +0 robe (worn)
 c - a +0 hat
 j - a +0 helmet (worn)
Jewellery
 o - a ring of flight
 E - a +5 ring of evasion (left hand)
Scrolls
 g - a scroll of poison
 i - 2 scrolls of identify {unknown}
 k - a scroll of noise {unknown}
 m - 2 scrolls of enchant armour {unknown}
Potions
 h - a potion of cancellation
 l - a potion of haste
 p - a potion of heal wounds {unknown}
 r - a potion of curing {unknown}


   Skills:
 - Level 1.0 Short Blades
 - Level 1.7 Dodging
 - Level 1.7 Stealth
 + Level 3.7 Spellcasting
 - Level 3.4 Conjurations
 + Level 3.0 Summonings
 - Level 0.8 Translocations


You had 8 spell levels left.
You knew the following spells:

 Your Spells              Type           Power      Damage    Failure   Level
d - Magic Dart            Conj           92%        1d7       3%          1
i - Call Imp              Summ           42%        N/A       7%          2

Your spell library contained the following spells:

 Spells                   Type           Power      Damage    Failure   Level
 Slow                     Hex            20%        N/A       16%         1
 Blink                    Tloc           18%        N/A       16%         2
 Cigotuvi's Dreadful Rot  Necr/Alch/Air  10%        N/A       22%         2
 Mephitic Cloud           Conj/Alch/Air  11%        N/A       28%         3


Dungeon Overview and Level Annotations

Branches:
Dungeon (6/15)             Temple (1/1) D:5         Ossuary (1/1)

Altars:
Ashenzari
Cheibriados
Dithmenos
Fedhas
Gozag
Hepliaklqana
Kikubaaqudgha
Nemelex Xobeh
Okawaru
Qazlal
Ru
Sif Muna
Trog
Uskayaw
Vehumet
Wu Jian
Xom
Yredelemnul

Shops:
D:2 (


Innate Abilities, Weirdness & Mutations

You have an unusually large brain. (Int +2)


Message History

Confirm with . or Enter, or press ? or * to list all spells.
A tiny devil pulls itself out of the air.
Your cerulean imp disappears in a puff of smoke!
You hit the hound zombie.
The hound zombie is lightly damaged.
The hound zombie misses you.
You hit the hound zombie.
The hound zombie is moderately damaged.
The hound zombie completely misses you. The jackal zombie closely misses you.
Your cerulean imp closely misses the jackal zombie.
You closely miss the hound zombie.
The hound zombie is moderately damaged.
The hound zombie bites you.
* * * LOW HITPOINT WARNING * * *
The hound zombie misses you. The hound zombie barely misses you.
The jackal zombie bites you.
* * * LOW HITPOINT WARNING * * *
You hit the hound zombie.
The hound zombie is moderately damaged.
Your cerulean imp hits the jackal zombie with a -3 spear.
The hound zombie bites you.
* * * LOW HITPOINT WARNING * * *
The hound zombie misses you.
The hound zombie bites you but does no damage.
It was a potion of brilliance.
You feel clever all of a sudden. The jackal zombie barely misses you.
The hound zombie misses you. The rat zombie barely misses you.
The hound zombie bites you.
* * * LOW HITPOINT WARNING * * *
Your cerulean imp hits the jackal zombie with a -3 spear.
The hound zombie bites you but does no damage.
Unknown command.
It was a potion of attraction.
You feel attractive to monsters. The goblin zombie closely misses you.
The adder zombie barely misses you. The jackal zombie bites you.
* * * LOW HITPOINT WARNING * * *
The hound zombie bites you but does no damage.
The hound zombie bites you.
You die...

****,,,,,,,,,*****,,,,,,,,,*+**
*,,,,,,,§§☼§§☼☼§§§§§§§§,,,,,,,*
*,,,,,,,§§§§☼§§.§§§§§§§,,,,,,,*
*,,,,,**§§§§.☼§§§☼.§§§☼**,,,,,*
*,,,,,**§§§§☼§§☼§§§§§§§**,,,,,*
*,,,,,,,§§.§§§§§§§§§.§☼,,,,,,,*
*,,*,,,,§☼☼§§§§Z5☼§§§§§,,,,*,,*
*,,**,,,§§§§§§ZZZ§§§§§§,,,**,,*
*∩,**,,,§.§§§ZZ@ZZ§§§.§,,,**,∩*
*,,**,,,§§§☼☼ZZZZ§§§§§§,,,**,,*
*,,*,,,,§§§§§§§§§§☼☼§§§,,,,*,,*
*,,,,,,,§§.☼§§§§§§§§.§§,,,,,,,*
*,,,,,,,§§☼§§§§§§§§§☼☼§,,,,,,,*
*,,,,,**☼§§☼.§§§§§.☼§☼☼**,,,,,*
*,,,,,**§§§§§§§.§§§§§§§**,,,,,*
*,,,,,,,§§§§§§§§§§§§§§§,,,,,,,*
*,,,,,,,,,,,,,,,,,,,,,,,,,,,,,*


You could see an adder zombie, a rat zombie, a jackal zombie (ally target), 3
hound zombies, a goblin zombie, a gnoll zombie, 3 orc zombies, an elf zombie and
a friendly cerulean imp (summoned).

Vanquished Creatures
  A bombardier beetle (D:5)
  An iguana (D:5)
  Robin (D:2)
  5 adders
  A white imp (D:6)
  2 ufetubi (D:5)
  A dart slug (D:3)
  2 orcs
  3 ball pythons
  2 bats
  5 endoplasms
  3 giant cockroaches (D:1)
  14 goblins
  2 hobgoblins
  5 jackals
  A quokka (D:3)
  A frilled lizard (D:1)
  5 kobolds
  4 rats
59 creatures vanquished.

Vanquished Creatures (collateral kills)
  An orc (D:3)
  A ball python (D:3)
2 creatures vanquished.

Grand Total: 61 creatures vanquished

Notes
Turn   | Place    | Note
-------+----------+-------------------------------------------
     0 | D:1      | ipx the Demonspawn Hedge Wizard began the quest for the
                  | Orb.
     0 | D:1      | Reached XP level 1. HP: 13/13 MP: 4/4
   135 | D:1      | Gained mutation: You have an unusually large brain. (Int
                  | +2) [demonic ancestry]
   135 | D:1      | Reached XP level 2. HP: 19/19 MP: 1/6
   355 | D:1      | Reached XP level 3. HP: 17/24 MP: 0/7
   441 | D:2      | Learned a level 2 spell: Call Imp
   461 | D:2      | Found Yhibicki's Antique Weapon Shop.
   528 | D:2      | Noticed Robin
   557 | D:2      | Killed Robin
   678 | D:3      | Reached XP level 4. HP: 30/30 MP: 2/8
   772 | D:3      | Found an iron altar of Okawaru.
   774 | D:3      | Found an opulent altar of Gozag.
   978 | D:5      | Entered Level 5 of the Dungeon
   978 | D:5      | Found a staircase to the Ecumenical Temple.
   992 | D:5      | Reached skill level 1 in Short Blades
   997 | Temple   | Entered the Ecumenical Temple
  1006 | Temple   | Became a worshipper of Vehumet
  1073 | D:5      | Noticed an ogre
  1107 | D:5      | Reached XP level 5. HP: 26/35 MP: 0/10
  1200 | D:5      | Found a sand-covered staircase.
  1206 | Ossuary  | Entered an ossuary
  1217 | Ossuary  | Slain by a hound zombie

Illustrated notes

Levels and vault maps discovered:
D:1:      minmay_arrival_doors, layout_rooms
D:2:      layout_loops_cross, serial_shops, shop, hex_tiny,
          nicolae_grassy_gnolls, uniq_robin
D:3:      layout_loops_ring, grunt_temple_overflow_open, serial_glass,
          glass_columns_b, glass_columns_a, dk_noncrumbling_2, minivault_24,
          corner_web_ring, nrook_mini_vaults, minmay_misc_feat_ornament,
          serial_bayou_ford_a, dreamdust_princess_bridge
D:4:      layout_basic, mainiacjoe_sewer_entry_somewhere_in_here_1, uniq_edmund,
          uniq_ijyb, uniq_pikel
D:5:      layout_rooms, minmay_temple_entry_grid, serial_shops, shop,
          nicolae_ossuary_entry_plus, mrwooster_statue_mirror, uniq_menkaure
D:6:      layout_layer_cave
Temple:   compressed_dpeg_triangle_lava_temple
Ossuary:  ossuary_minmay_tomb_2a

Skill      XL: |  1  2  3  4  5 |
---------------+----------------+-----
Conjurations   | 2 3 |  3.4
Summonings     | 2 3 |  3.0
Short Blades   | 1 |  1.0
Dodging        | |  1.7
Stealth        | |  1.7
Spellcasting   | |  3.7
Translocations | |  0.8

Action                     |  1- 3 |  4- 6 || total
---------------------------+-------+-------++-------
  Melee: Dagger            |   100 |    59 ||   159
   Cast: Magic Dart        |    55 |    39 ||    94
         Call Imp          |     1 |     7 ||     8
    Use: Potion            |       |     5 ||     5
         Scroll            |       |     2 ||     2
   Stab: Distracted        |     1 |     1 ||     2
         Sleeping          |       |     3 ||     3
 Armour: Robe              |    55 |    34 ||    89
  Dodge: Dodged            |   102 |    74 ||   176

Table legend: (Time is in decaauts)
 A = Elapsed time spent in this place.
 B = Non-inter-level travel time spent in this place.
 C = Inter-level travel time spent in this place.
 D = Time resting spent in this place.
 E = Time spent auto-exploring this place.
 F = Levels seen in this place.
 G = Mean time per level.
                   A        B        C        D        E       F      G
               +--------+--------+--------+--------+--------+-----+--------+
         Total |   1212 |   1196 |     16 |      0 |      0 |   8 |  151.5 |
       Dungeon |   1187 |   1187 |      0 |      0 |      0 |   6 |  197.8 |
        Temple |     18 |      2 |     16 |      0 |      0 |   1 |   18.0 |
       Ossuary |      6 |      6 |      0 |      0 |      0 |   1 |    6.0 |
               +--------+--------+--------+--------+--------+-----+--------+

Top non-repeatable levels by time:
     D:1: 351 daAuts
     D:2: 305 daAuts
     D:3: 301 daAuts
     D:5: 162 daAuts
     D:4: 36 daAuts
     D:6: 30 daAuts
  Temple: 18 daAuts
 Ossuary: 6 daAuts
